 Dungeon Sprint DCSS version 0.31-a0-460-g9e667d4245 (webtiles) character file.

Game seed: 17326274293860731006

0 rocky1 the Mimic (level 6, -8/51 HPs)
             Began as a Naga Shapeshifter on Aug 5, 2023.
             Mangled by a redback (16 damage)
             ... in the Dungeon (Sprint VI: "Thunderdome").
             The game lasted 00:01:21 (65 turns).

rocky1 the Mimic (Naga Shapeshifter)                  Turns: 65, Time: 00:01:22

Health: -8/51      AC:  3    Str: 18    XL:     6   Next: 15%
Magic:  6/6        EV: 10    Int: 10    God:
Gold:   200        SH:  0    Dex: 11    Spells: 5/5 levels left

rFire   . .          .
                       - Unarmed
rCold   . . .        (no shield)
rNeg    . . .        a - +0 animal skin
rPois   +            (helmet currently unavailable)
rElec   .            (cloak currently unavailable)
rCorr   .            (gloves currently unavailable)
SInv    +            (no barding)
Will    .....        (no amulet)
Stlth   +            (no ring)
HPRegen 0.28/turn    (no ring)
MPRegen 0.10/turn

%: no teleportation
@: beast-form, very slow
A: beast (slay +5), AC +2, large, see invisible, deformed body, poison
resistance, slowness 2, spit poison 1, naga tail 1
a: Spit Poison, Begin Untransformation


You were in the Dungeon.
You were a hulking beast.
You visited 1 branch You collected 200 gold pieces.

Inventory:

Armour
 a - a +0 animal skin (worn)
Talismans
 c - a beast talisman (active)
Wands
 k - a wand of quicksilver (1)
 l - a wand of roots (3)
Scrolls
 i - 4 scrolls of blinking
 m - 3 scrolls of fog
Potions
 b - a potion of lignification
 e - 3 potions of heal wounds
 f - 4 potions of haste
 g - 2 potions of magic
 h - a potion of berserk rage
 j - a potion of resistance


   Skills:
 + Level 1.3 Fighting
 + Level 3.3 Dodging
 + Level 7.4 Unarmed Combat
 + Level 1.6 Evocations
 + Level 8.4 Shapeshifting


You had 5 spell levels left.
You didn't know any spells.
Your spell library was empty.

Dungeon Overview and Level Annotations

Branches:
Dungeon (1/1)

Altars:
Gozag
Kikubaaqudgha
Okawaru
Trog
Uskayaw
Xom
Zin

Shops:
D *[=??


Innate Abilities, Weirdness & Mutations

You are a hulking beast.
Your limbs bulge with bestial killing power. (Slay +5)
Your serpentine skin is tough. (AC +2)
You have supernaturally acute eyesight. (SInv)
Armour fits poorly on your strangely shaped body.
Your system is resistant to poisons. (rPois)
You cover ground very slowly.
You can spit poison.
You have a snake-like lower body.


Message History

The killer bee is almost dead.
The killer bee stings you.
* * * LOW HITPOINT WARNING * * *
The killer bee barely misses you.
You miss the killer bee.
The killer bee is almost dead.
The killer bee barely misses you.
The killer bee stings you but does no damage.
You hit the killer bee.
You kill the killer bee!
You have reached level 6!
Your skin feels tougher.
Unknown command.
Found an ancient bone altar of Kikubaaqudgha.
A redback comes into view.
Found Maut's Magic Scroll Shop.
Aiming: Quicksilver Bolt
Press: ? - help, Shift-Dir - straight line, f - redback
Aim: a redback (64% to hit)
The bolt of dispelling energy hits the redback!
The redback is severely wounded.
Aiming: Fastroot
Press: ? - help, Shift-Dir - straight line, f/p - redback
Aim: a redback (severely wounded)
The roots erupt in riotous growth!
Roots grab the redback.
The grasping roots constrict the redback.
The redback struggles to escape constriction. x2
The grasping roots constrict the redback.
The redback escapes!
The redback bites you!
* * * LOW HITPOINT WARNING * * *
You barely miss the redback.
The redback is severely wounded. 50...
The redback completely misses you.
You barely miss the redback.
The redback is severely wounded.
The redback bites you but does no damage.
The redback bites you!
You die...

_...... #........
#........
###.........###
#⌠...........⌠#
######.8.........8.#
##∩___......# ......
###∩........8.# .8...
##........h....###.....
#⌠.......s..###...#
#⌠........†.# #.<.#
#⌠..........# #...#
##.............###...
###∩........8.# †8...
##∩__.......# ......
######.8..... ...8.#
#⌠...........S#


You could see a redback.

Vanquished Creatures
  A water moccasin (D)
  2 scorpions (D)
  A killer bee (D)
4 creatures vanquished.

Notes
Turn   | Place    | Note
-------+----------+-------------------------------------------
     0 | D        | rocky1 the Naga Shapeshifter began the quest for the Orb.
     0 | D        | Reached XP level 1. HP: 18/18 MP: 1/1
     4 | D        | Found a shimmering altar of Xom.
     4 | D        | Round 1.
     4 | D        | Noticed a water moccasin
     5 | D        | Found a hide-covered altar of Uskayaw.
     8 | D        | Killed a water moccasin
     9 | D        | Reached skill level 5 in Unarmed Combat
     9 | D        | Reached skill level 6 in Shapeshifting
     9 | D        | Reached XP level 2. HP: 25/25 MP: 2/2
     9 | D        | Reached XP level 3. HP: 31/31 MP: 3/3
     9 | D        | Reached XP level 4. HP: 38/38 MP: 4/4
    11 | D        | Noticed a scorpion
    15 | D        | Killed a scorpion
    16 | D        | Reached skill level 1 in Evocations
    16 | D        | Reached skill level 7 in Shapeshifting
    16 | D        | Reached XP level 5. HP: 39/44 MP: 5/5
    16 | D        | Found a glowing silver altar of Zin.
    16 | D        | Found an opulent altar of Gozag.
    17 | D        | Found Yfeqire's Timeless Talismans.
    17 | D        | Found an iron altar of Okawaru.
    17 | D        | Found Efebb's Identification Station.
    18 | D        | Found Vaiclic's Jewellery.
    18 | D        | Found Poepot's Advanced Armour.
    38 | D        | Found a bloodstained altar of Trog.
    47 | D        | Reached skill level 8 in Shapeshifting
    49 | D        | HP: 1/44 [killer bee (9)]
    55 | D        | Reached XP level 6. HP: 15/51 MP: 6/6
    57 | D        | Found an ancient bone altar of Kikubaaqudgha.
    58 | D        | Noticed a redback
    59 | D        | Found Maut's Magic Scroll Shop.
    65 | D        | Mangled by a redback

Illustrated notes

Levels and vault maps discovered:
D:        arena_sprint

Skill      XL: |  1  2  3  4  5 |
---------------+----------------+-----
Dodging        | 2 3 |  3.3
Unarmed Combat | 5 6 7 |  7.4
Shapeshifting  | 6 7 8 |  8.4
Evocations     | 1 |  1.6
Fighting       | |  1.3

Action                     |  1- 3 |  4- 6 || total
---------------------------+-------+-------++-------
  Melee: Unarmed           |       |    14 ||    14
Ability: Spit Poison       |       |     2 ||     2
  Evoke: Wand              |     3 |     3 ||     6
    Use: Potion            |       |     2 ||     2
 Armour: Animal skin       |       |     3 ||     3
  Dodge: Dodged            |       |     7 ||     7

Table legend: (Time is in decaauts)
 A = Elapsed time spent in this place.
 B = Non-inter-level travel time spent in this place.
 C = Inter-level travel time spent in this place.
 D = Time resting spent in this place.
 E = Time spent auto-exploring this place.
 F = Levels seen in this place.
 G = Mean time per level.
                   A        B        C        D        E       F      G
               +--------+--------+--------+--------+--------+-----+--------+
         Total |     73 |     73 |      0 |     16 |      0 |   1 |   73.0 |
       Dungeon |     73 |     73 |      0 |     16 |      0 |   1 |   73.0 |
               +--------+--------+--------+--------+--------+-----+--------+

Top non-repeatable levels by time:
       D: 73 daAuts
